 Dungeon Crawl Stone Soup version bcrawl-1.31.4 (webtiles) character file.

Game seed: 13848196224221082640

360813 Morbidden the Grappler (level 10, -8/91 HPs)
             Began as a Troll Archaeologist on June 7, 2021.
             Was a Priest of Cheibriados.
             Mangled by a two-headed ogre
             ... wielding a +0 giant spiked club
              (24 damage)
             ... on level 9 of the Dungeon.
             The game lasted 00:13:54 (7250 turns).

Morbidden the Grappler (Troll Archaeologist)        Turns: 7250, Time: 00:13:55

Health: -8/91      AC:  9    Str: 28    XL:     10   Next: 43%
Magic:  22/23      EV: 16    Int: 22    God:    Cheibriados [***...]
Gold:   924        SH:  0    Dex: 18    Spells: 10/16 levels left

rFire    + . .     SeeInvis .     - Claws (28.5)
rCold    x . .     Gourm    +   (no shield)
rNeg     . . .     Faith    +   (armour unavailable)
rPois    .         Spirit   .   c - +1 hat
rElec    .         Reflect  .   (no cloak)
rCorr    .         Harm     .   (gloves unavailable)
MR       +....                  (boots unavailable)
Stlth    ++........             F - amulet of faith
HPRegen  0.65/turn              k - +2 ring of evasion
MPRegen  0.18/turn              f - ring of Deasm {Fire MR+ MP+9 Int+4}

@: very slow
A: large, almost no armour, claws 3, fast metabolism 3, gourmand, regeneration
1, AC +8
a: Bend Time, Temporal Distortion, Renounce Religion


You were on level 9 of the Dungeon.
You worshipped Cheibriados.
Cheibriados was most pleased with you.
You were very full.

You visited 1 branch of the dungeon, and saw 9 of its levels.

You collected 924 gold pieces.

Inventory:

Hand Weapons
 b - a +1 blowgun
Missiles
 d - 6 curare-tipped needles
 j - 609 stones (quivered)
 s - 139 poisoned tomahawks
 u - 454 poisoned needles
 C - 977 arrows
 H - 101 javelins
Armour
 c - a +1 hat (worn)
 x - a +0 cloak
Jewellery
 f - the ring of Deasm (right claw) {Fire MR+ MP+9 Int+4}
   (You acquired it on level 3 of the Dungeon)

   [ring of fire]

   It enhances your fire magic.
   It affects your intelligence (+4).
   It protects you from fire.
   It makes you vulnerable to cold.
   It affects your resistance to hostile enchantments.
   It affects your magic capacity (+9).
 k - a +2 ring of evasion (left claw)
 y - an uncursed ring of protection from magic
 F - an amulet of faith (around neck)
Wands
 r - a wand of acid (8)
 E - a wand of clouds (2)
Scrolls
 g - 3 scrolls of magic mapping
 h - a scroll of vulnerability
 l - a scroll of blinking {unknown}
 n - 2 scrolls of enchant weapon
 o - a scroll of fog {unknown}
 t - a scroll of noise {unknown}
 v - 5 scrolls of teleportation
 w - 3 scrolls of fear
 A - a scroll of remove curse
 D - a scroll of enchant armour {unknown}
 G - a scroll of amnesia {unknown}
Potions
 a - 3 potions of curing
 i - a potion of cancellation {unknown}
 m - 4 potions of magic
 p - 3 potions of heal wounds
 q - 2 potions of haste {unknown}
 z - a potion of might {unknown}
 B - 2 potions of brilliance
Comestibles
 e - 15 rations {!d}


   Skills:
 * Level 3.5 Fighting
   Level 1.0 Maces & Flails
 * Level 3.8 Throwing
 * Level 5.9 Dodging
 + Level 3.0 Stealth
 * Level 9.2 Unarmed Combat
 * Level 3.5 Spellcasting
 * Level 2.8 Transmutations
 * Level 2.7 Poison Magic
 * Level 3.0 Invocations


You had 10 spell levels left.
You knew the following spells:

 Your Spells              Type           Power        Failure   Level  Hunger
a - Beastly Appendage     Tmut           ###...       3%          1    None
b - Sticks to Snakes      Tmut           ###.....     5%          2    None
c - Spider Form           Tmut/Pois      ###          11%         3    ####...

Your spell library contained the following spells:

 Spells                   Type           Power        Failure   Level  Hunger
 Passwall                 Tmut/Erth      ##......     10%         2    None
 Confuse                  Hex            #.......     34%         3    ####...
 Dazzling Orbs            Conj/Hex       #......      34%         3    ####...
 Ice Form                 Ice/Tmut       ##......     54%         4    #####..
 Petrify                  Tmut/Erth      ##........   54%         4    #####..
 Yara's Violent Unravell  Hex/Tmut       ##........   54%         4    #####..
 Blade Hands              Tmut           ###.......   71%         5    ######.
 Metabolic Englaciation   Hex/Ice        #.........   97%         5    ######.
 Mana Rupture             Conj/Hex       #.........   100%        7    #######


Dungeon Overview and Level Annotations

Branches:
Dungeon (9/12)             Temple (0/1) D:7            Lair (0/6) D:7
    Orc (0/1) D:8

Altars:
Ashenzari
Cheibriados
Fedhas
Gozag
Hepliaklqana
Makhleb
Okawaru
Vehumet
Wu Jian
Yredelemnul

Shops:
D:4 :   D:5 [


Innate Abilities, Weirdness & Mutations

You cannot wear most types of armour.
Your thick skin is tough. (AC +8)
You are too large for most types of armour.
You have claws for hands.
Your metabolism is lightning-fast.
You like to eat raw meat.
Your natural rate of healing is unusually fast.


Message History

You scratch the two-headed ogre but do no damage.
You claw the two-headed ogre.
The two-headed ogre is heavily wounded.
The two-headed ogre misses you. The two-headed ogre closely misses you.
You claw the two-headed ogre!
The two-headed ogre is severely wounded.
No path to travel!
You scratch the two-headed ogre but do no damage.
The two-headed ogre is severely wounded.
The two-headed ogre hits you with a +0 giant spiked club!!
The two-headed ogre hits you with a +0 giant club!
* * * LOW HITPOINT WARNING * * *
No path to travel!
You barely miss the two-headed ogre. You claw the two-headed ogre.
The two-headed ogre is severely wounded.
Unknown command.
You scratch the two-headed ogre.
The two-headed ogre is almost dead.
The two-headed ogre hits you with a +0 giant spiked club!!
You die...

.... #...
....#######+########...
.......................
.......................
....................... .
<...................... #.
....$..W...............
#..########O#########'####.
#.........@..#......#....#.
#............#......'....#.
#............#......#....#.
##'####.######......#....#.
............##.....###...#.
............##.....###...##
............#............#.
............#............#.
.#.'##......#............'.


You could see a two-headed ogre and a phantom.

Vanquished Creatures
  A two-headed ogre (D:8)
  A komodo dragon (D:7)
  A troll (D:7)
  3 hippogriffs
  A wyvern (D:9)
  A hungry ghost (D:8)
  A vampire mosquito (D:6)
  A crocodile (D:7)
  2 orc warriors
  2 ice beasts
  2 black bears
  2 sky beasts
  3 ogres
  A necrophage (D:8)
  2 centaurs
  A big kobold (D:5)
  3 bullfrogs
  5 scorpions
  A water moccasin skeleton (D:5)
  A killer bee (D:4)
  4 crimson imps
  2 howler monkeys
  5 orc wizards
  2 bullfrog skeletons
  2 centaur skeletons (D:4)
  5 orc priests
  6 hounds
  A jelly (D:6)
  2 iguanas (D:9)
  5 worker ants
  3 hound skeletons
  A howler monkey skeleton (D:9)
  8 adders
  A shadow imp (D:6)
  5 oozes
  An adder zombie (D:6)
  An adder skeleton (D:4)
  2 worms
  A dart slug (D:3)
  4 leopard geckos
  29 orcs
  2 giant cockroaches
  3 goblins
  8 hobgoblins
  8 jackals
  10 kobolds
  3 quokkas
  8 bats
  6 frilled lizards
  3 rats
  A spectral orc (D:7)
177 creatures vanquished.

Vanquished Creatures (collateral kills)
  A scorpion (D:9)
1 creature vanquished.

Vanquished Creatures (others)
  5 plants (D:7)
5 creatures vanquished.

Grand Total: 183 creatures vanquished

Notes
Turn   | Place    | Note
-------+----------+-------------------------------------------
     0 | D:1      | Morbidden the Troll Archaeologist began the quest for the
                  | Orb.
     0 | D:1      | Reached XP level 1. HP: 18/18 MP: 0/0
    55 | D:1      | Reached XP level 2. HP: 24/26 MP: 1/1
   573 | D:1      | Reached skill level 1 in Fighting
   650 | D:1      | Reached XP level 3. HP: 33/33 MP: 2/2
  1365 | D:2      | Reached skill level 1 in Unarmed Combat
  1429 | D:2      | Learned a level 1 spell: Beastly Appendage
  2174 | D:3      | Gained mutation: Your natural rate of healing is unusually
                  | fast. [Troll growth]
  2174 | D:3      | Reached XP level 4. HP: 14/41 MP: 3/3
  2185 | D:3      | Reached skill level 2 in Unarmed Combat
  2305 | D:3      | Reached XP level 5. HP: 45/48 MP: 4/4
  2305 | D:3      | Identified a scroll of acquirement
  2305 | D:3      | Identified the +2 cloak of Peul {rF- rN++} (You acquired it
                  | on level 3 of the Dungeon)
  2305 | D:3      | Identified the ring of Deasm {Fire MR+ MP+9 Int+4} (You
                  | acquired it on level 3 of the Dungeon)
  2305 | D:3      | Identified Daip's Tome of Helpful Dark Rites (You acquired
                  | it on level 3 of the Dungeon)
  2353 | D:3      | Found a burning altar of Makhleb.
  2617 | D:3      | Noticed a sky beast
  2635 | D:3      | HP: 1/48 [sky beast (6)]
  2657 | D:3      | Killed a sky beast
  2658 | D:3      | Reached skill level 1 in Throwing
  2658 | D:3      | Reached skill level 3 in Unarmed Combat
  2717 | D:3      | Reached skill level 1 in Spellcasting
  2717 | D:3      | Reached XP level 6. HP: 55/55 MP: 6/6
  3032 | D:4      | Found Kaebleepn's Book Emporium.
  3058 | D:4      | Reached skill level 1 in Transmutations
  3128 | D:4      | Noticed a hippogriff
  3137 | D:4      | Killed a hippogriff
  3138 | D:4      | Reached skill level 4 in Unarmed Combat
  3138 | D:4      | Reached XP level 7. HP: 62/62 MP: 8/8
  3272 | D:4      | Found an iron altar of Okawaru.
  3303 | D:4      | Reached skill level 5 in Unarmed Combat
  3353 | D:4      | Found a snail-covered altar of Cheibriados.
  3380 | D:4      | Reached XP level 8. HP: 72/72 MP: 9/9
  3392 | D:5      | Entered Level 5 of the Dungeon
  3542 | D:5      | Found Juntyd's Armour Shoppe.
  3670 | D:5      | Reached skill level 6 in Unarmed Combat
  3722 | D:4      | Became a worshipper of Cheibriados the Contemplative
  3918 | D:4      | Reached skill level 5 in Dodging
  3920 | D:4      | Found a blossoming altar of Fedhas.
  3928 | D:4      | Found a radiant altar of Vehumet.
  3937 | D:4      | Found an opulent altar of Gozag.
  4133 | D:5      | Reached skill level 7 in Unarmed Combat
  4209 | D:5      | Learned a level 2 spell: Sticks to Snakes
  4213 | D:5      | Learned a level 3 spell: Spider Form
  4469 | D:6      | Reached XP level 9. HP: 66/80 MP: 12/12
  4565 | D:6      | Reached * piety under Cheibriados
  4625 | D:6      | Reached skill level 1 in Invocations
  4674 | D:6      | Reached skill level 1 in Poison Magic
  5007 | D:7      | Found a staircase to the Lair.
  5008 | D:7      | Noticed a komodo dragon
  5068 | D:7      | Found a hazy altar of Hepliaklqana.
  5073 | D:7      | Found a staircase to the Ecumenical Temple.
  5135 | D:7      | Killed a komodo dragon
  5151 | D:7      | Noticed a troll
  5166 | D:7      | Killed a troll
  5167 | D:7      | Reached skill level 8 in Unarmed Combat
  5338 | D:7      | Found an ornate altar of the Wu Jian Council.
  5438 | D:7      | Found a basalt altar of Yredelemnul.
  5582 | D:7      | Reached ** piety under Cheibriados
  5856 | D:8      | Found a staircase to the Orcish Mines.
  6208 | D:8      | Noticed a two-headed ogre
  6213 | D:8      | Reached XP level 10. HP: 85/91 MP: 13/13
  6219 | D:8      | Killed a two-headed ogre
  6263 | D:8      | Found a shattered altar of Ashenzari.
  6332 | D:8      | Reached skill level 9 in Unarmed Combat
  6868 | D:8      | Found a hazy altar of Hepliaklqana.
  6994 | D:9      | Noticed a cyclops
  7119 | D:9      | Reached *** piety under Cheibriados
  7239 | D:9      | Noticed a two-headed ogre
  7250 | D:9      | Mangled by a two-headed ogre

Skill      XL: |  1  2  3  4  5  6  7  8  9 10 |
---------------+-------------------------------+-----
Stealth        | 2 3 |  3.0
Fighting       | 1 2 3 |  3.5
Dodging        | 3 4 5 |  5.9
Unarmed Combat | 1 2 3 4 5 7 8 9 |  9.2
Throwing       | 1 2 3 |  3.8
Spellcasting   | 1 2 3 |  3.5
Transmutations | 1 2 |  2.8
Invocations    | 2 3 |  3.0
Poison Magic   | 2 |  2.7
Maces & Flails | |  1.0

Action                   |  1- 3 |  4- 6 |  7- 9 | 10-12 || total
-------------------------+-------+-------+-------+-------++-------
Melee: Unarmed           |   140 |   121 |   301 |    79 ||   641
       Punch             |       |       |     8 |     3 ||    11
       Kick              |       |       |     3 |       ||     3
Throw: Stone             |     5 |       |    15 |    25 ||    45
       Tomahawk          |       |     5 |       |     2 ||     7
 Cast: Beastly Appendage |       |       |     3 |       ||     3
       Sticks to Snakes  |       |       |     1 |     6 ||     7
  Use: Scroll            |     1 |     5 |     6 |     1 ||    13
       Potion            |       |       |     1 |       ||     1
 Stab: Sleeping          |     2 |     3 |     6 |     1 ||    12
       Distracted        |       |       |     1 |       ||     1
  Eat: Chunk             |    11 |    10 |    19 |    14 ||    54
       Ration            |       |     2 |     2 |       ||     4
Armor: Skin              |    71 |    41 |   110 |    18 ||   240
Dodge: Dodged            |   118 |    69 |   243 |    59 ||   489
